 Dungeon Crawl Stone Soup version 0.17.0-28-g6e173f8 (webtiles) character file.

78 dohliylev the Sneak (level 4, 0/33 HPs)
             Began as a Vampire Assassin on Dec 3, 2015.
             Shot with a stone by a goblin (1 damage)
             ... led by Robin
             ... on level 2 of the Dungeon.
             The game lasted 00:04:33 (1195 turns).

dohliylev the Sneak (Vampire Assassin)              Turns: 1195, Time: 00:04:33

Health: 0/33       AC:  3    Str: 10    XL:     4   Next: 15%
Magic:  4/4        EV: 13    Int: 13    God:
Gold:   67         SH:  0    Dex: 16    Spells: 0 memorised, 3 levels left

rFire  + . .     SeeInvis +     a - +2 dagger
rCold  x . .     Clarity  .     c - +0 robe
rNeg   . . .     SustAt   .     (no shield)
rPois  .         Gourm    .     l - -1 helmet (curse)
rElec  .         Spirit   .     d - +0 cloak
rCorr  .         Warding  .     (no gloves)
rMut   .         Stasis   .     (no boots)
MR     .....                    (no amulet)
Stlth  ++++......               (no ring)
                                i - ring of fire

@: regenerating quickly, not resistant to hostile enchantments, stealthy
A: fangs 3, see invisible, unbreathing
a: no special abilities


You were on level 2 of the Dungeon.
You were very full.

You visited 1 branch of the dungeon, and saw 2 of its levels.

You collected 67 gold pieces.

Inventory:

Hand Weapons
 a - a +2 dagger (weapon)
 b - a +0 blowgun
Missiles
 e - 8 poisoned needles
 f - 2 curare-tipped needles
Armour
 c - a +0 robe (worn)
 d - a +0 cloak (worn)
 l - a cursed -1 helmet (worn)
Jewellery
 i - a ring of fire (left hand)
Scrolls
 j - 3 scrolls of identify {unknown}
 m - 2 scrolls of teleportation {unknown}
 q - a scroll of fear {unknown}
 r - a scroll of immolation {unknown}
Potions
 g - a potion of blood
 h - a potion of degeneration {unknown}
 k - a potion of heal wounds {unknown}
 n - a potion of agility {unknown}
 o - a potion of flight {unknown}
 p - a potion of might {unknown}


   Skills:
 + Level 2.2 Fighting
 + Level 2.5 Short Blades
 + Level 1.6 Throwing
 + Level 2.1 Dodging
 + Level 7.4 Stealth


You had 3 spell levels left.
You didn't know any spells.

Dungeon Overview and Level Annotations

Branches:
Dungeon (2/15)

Altars:
Nemelex Xobeh

Annotations:
D:2 Robin


Innate Abilities, Weirdness & Mutations

Your natural rate of healing is unusually fast.
You have razor-sharp teeth.
You have supernaturally acute eyesight.
You can survive without breathing.


Message History

The hobgoblin closely misses you.
Things that are here:
a club; a hobgoblin corpse Robin roars a battlecry!
The goblin unwields an uncursed club.
The goblin wields an uncursed hunting sling of freezing.
It is covered in frost.
The goblin shoots a stone.
The stone closely misses you.
The goblin shoots a stone.
The stone hits you.
* * * LOW HITPOINT WARNING * * *
The stone freezes you.
* * * LOW HITPOINT WARNING * * *
You see here a stone.
The goblin shoots a stone.
The stone barely misses you.
Robin roars a battlecry!
The hobgoblin goes into a battle-frenzy!
The goblin shoots a stone.
The stone hits you.
* * * LOW HITPOINT WARNING * * *
The stone freezes you.
You die...

.._.>.#####...).##
###......#
#⌠.⌠#..###...#.....#
#(........
...###..#..#.#######
##....g.... .............#
#...(.....# .#####....####
##g#)####...
..........####### ###..#.#
###.
#...............####.gwg)(#
.
#.####..###..........#..###
. #.#...........(.@.gg.gg##
. ..#.....###.........####
.##.....###...(......)..
###...............%......
....................)##%#
##.##.....<......(........
#..##<..............###> .
#.##................#
.....##.#############


You could see a worm, Robin, 2 hobgoblins and 4 goblins.

Vanquished Creatures
  2 adders (D:2)
  A worm (D:2)
  A giant gecko (D:1)
  7 goblins
  7 hobgoblins
  10 jackals
  6 bats
  7 giant cockroaches
  3 giant newts (D:1)
  5 kobolds
  3 rats (D:1)
52 creatures vanquished.

Notes
Turn   | Place    | Note
--------------------------------------------------------------
     0 | D:1      | dohliylev the Vampire Assassin began the quest for the Orb.
     0 | D:1      | Reached XP level 1. HP: 16/16 MP: 1/1
    57 | D:1      | Reached skill level 6 in Stealth
   107 | D:1      | Reached XP level 2. HP: 16/22 MP: 2/2
   418 | D:1      | Reached XP level 3. HP: 23/27 MP: 3/3
   531 | D:1      | Reached skill level 7 in Stealth
   976 | D:2      | Found a sparkling altar of Nemelex Xobeh.
  1122 | D:2      | Reached XP level 4. HP: 15/33 MP: 4/4
  1148 | D:2      | Noticed Robin
  1192 | D:2      | HP: 1/33 [goblin/stone[Robin] (3)]
  1195 | D:2      | Shot with a stone by a goblin

Action                   |  1- 3 |  4- 6 || total
-------------------------+-------+-------++-------
Melee: Dagger            |   151 |    21 ||   172
 Stab: Sleeping          |     7 |       ||     7
  Eat: Corpse            |    11 |     1 ||    12
